cohdb
Replays
Latest Replays
All Replays
Popular Replays
Top Player Replays
Match Explorer
How It Works
Community
CoH3 Stats
Reddit
Sign in to upload your games and track your stats! →
Sign in with Steam
Match 43054226
Unlisted
Match 43054226
Overview
Messages
Build Orders
End
Construct Barracks
Riflemen Squad
1⁄4-ton 4x4 Truck
Riflemen Squad
Grenade Package
Riflemen Squad
Construct Weapon Support Center
Selects Airborne Battlegroup
Selects Pathfinders
Selects Paratrooper Squad Paradrop
Selects Pathfinders
Selects Paratrooper Squad Paradrop
Sniper
M1919 Machine Gun Team
Infantry Support Center
Engineer Squad
M1918 Browning Automatic Rifles
Construct Motor Pool
M24 Chaffee Light Tank
M3M0214
JoeNoel
Goonzee
AgedCheese
Joraad
当你拉肚子的时候不要相信任何一个屁
职业选手吕郑豪
Emanonevahi
0
0
Comments
sign in to comment!
No comments posted yet!